Map: Одиссея РВ

Players

Unix

  • Race: Terran Terran
  • League: Grandmaster
  • Spawn Location: 5:00

TopSpecnaz - Winner!

  • Race: Protoss Protoss
  • League: Master
  • Spawn Location: 11:00

VOD

Have the link to the VOD?

Description

Time

  • Played on: Sept. 17, 2017, 12:12 a.m.
  • Length: 7:11
Show
View Real Time Build Order
Export as new Build Order

Unix Terran 

Build Orders: Reaper Expand 

Get SALT Encoding   

  12  0:00  SCV  
  13  0:13  SCV  
  14  0:17  Supply Depot  
  14  0:25  SCV  
  15  0:30  Refinery  
  15  0:39  SCV  
  16  0:45  Barracks  
  16  0:51  SCV  
  17  1:03  SCV  
  18  1:15  SCV  
  19  1:32  Orbital Command  
  19  1:46  Command Center  
  19  1:50  Reaper  
  20  1:58  SCV  
  21  2:06  Factory  
  21  2:14  Supply Depot  
  21  2:15  SCV  
  22  2:27  SCV  
  23  2:30  Barracks Reactor  
  23  2:39  SCV  
  23  2:44  Bunker  
  24  2:45  Refinery  
  24  2:51  Engineering Bay, SCV  
  25  3:00  Orbital Command  
  25  3:03  SCV  
  26  3:06  Starport  
  26  3:07  Marine x2  
  28  3:16  SCV  
  28  3:19  Missile Turret  
  29  3:25  Marine x2  
  29  3:26  SCV  
  32  3:28  SCV  
  33  3:35  Cyclone  
  36  3:42  Marine  
  36  3:43  Marine  
  36  3:47  SCV x2  
  40  3:52  Viking  
  42  3:57  Supply Depot  
  42  4:08  Supply Depot  
  42  4:11  Factory Tech Lab, Marine x2  
  44  4:17  Missile Turret  
  44  4:18  Bunker  
  44  4:22  SCV x2  
  46  4:31  Siege Tank  
  48  4:32  Marine x2  
  48  4:34  SCV  
  48  4:36  SCV  
  52  4:42  Viking  
  54  4:46  SCV  
  49  4:55  Marine  
  49  4:56  Marine  
  34  5:12  SCV x2  
  34  5:13  Marine x2  
  34  5:15  Siege Tank  
  37  5:24  SCV x2  
  39  5:32  Marine x2  
  41  5:37  SCV  
  41  5:38  SCV  
  43  5:45  Viking  
  42  5:50  Marine x2, SCV  
  42  5:51  SCV  
  44  5:59  Factory Tech Lab  
  44  6:02  SCV  
  45  6:04  SCV  
  46  6:14  SCV  
  47  6:22  SCV  
  47  6:23  Marine x2  
  43  6:26  SCV  
  43  6:31  Bunker  
  38  6:34  SCV  
  38  6:38  SCV  
  39  6:41  Marine x2  
  39  6:46  SCV  
  38  6:50  SCV  
  36  6:58  SCV  
Show
View Real Time Build Order
Export as new Build Order

TopSpecnaz Protoss - Winner!

Build Orders: Blink Stalkers 

Get SALT Encoding   

  12  0:01  Probe (Chrono Boost)  
  13  0:11  Probe (Chrono Boost)  
  14  0:17  Pylon  
  14  0:22  Probe (Chrono Boost)  
  16  0:35  Probe (Chrono Boost)  
  16  0:38  Gateway  
  16  0:46  Probe (Chrono Boost)  
  16  0:49  Assimilator  
  17  0:54  Assimilator  
  17  0:57  Probe (Chrono Boost)  
  18  1:07  Probe (Chrono Boost)  
  19  1:12  Assimilator  
  19  1:18  Probe (Chrono Boost)  
  20  1:27  Cybernetics Core  
  20  1:28  Probe (Chrono Boost)  
  21  1:34  Pylon  
  21  1:39  Probe (Chrono Boost)  
  22  1:55  Probe (Chrono Boost)  
  23  2:03  Twilight Council  
  23  2:05  Warp Gate (Chrono Boost), Mothership Core (Chrono Boost)  
  25  2:14  Pylon  
  25  2:22  Gateway  
  25  2:30  Stalker  
  27  2:41  Blink (Chrono Boost)  
  27  2:51  Gateway  
  27  3:00  Stalker  
  29  3:06  Pylon  
  29  3:13  Stalker  
  31  3:25  Gateway  
  31  3:31  Stalker  
  37  3:55  Pylon  
  33  4:07  Stalker  
  35  4:10  Stalker  
  35  4:11  Stalker  
  39  4:19  Stalker  
  41  4:30  Stalker  
  43  4:33  Stalker  
  43  4:36  Stalker  
  47  4:45  Stalker  
  37  5:12  Stalker x3  
  37  5:19  Adept  
  37  5:37  Stalker  
  37  5:38  Stalker x2  
  41  5:53  Adept  
  41  6:06  Stalker x2  
  41  6:07  Stalker  
  47  6:14  Stalker  
  37  6:30  Stalker  
  37  6:31  Stalker  
  37  6:43  Stalker  
  37  6:57  Stalker x2  
  39  7:05  Stalker  
Tags
 
Add a new tag
Caveats
  • Supply blocks, unpowered buildings, or Contaminate may cause inaccurate times.
  • Supply counts are checked every 10 seconds.